[Event "World Junior U20 Girls 2018"]
[Site "Gebze"]
[Date "2018.09.14"]
[Round "10"]
[White "Anandpara Jayendra Saloni"]
[Black "Kyrkjebo, Marte B"]
[Result "1/2-1/2"]
[ECO "C54"]
[WhiteElo "1326"]
[BlackElo "1935"]
[Annotator "NA"]
[PlyCount "95"]
[EventDate "2018.09.05"]
[EventType "swiss"]
[EventCountry "TUR"]
[SourceTitle "playchess.com"]
[Source "ChessBase"]
[SourceQuality "1"]
[TimeControl "40/5400+30:1800+30"]

1. e4 e5 2. Nf3 Nc6 3. Bc4 Bc5 4. c3 Nf6 $11 5. d4 {[%emt 0:00:00] LiveBook: 1259 Games} exd4 6. cxd4 Bb4+ 7. Bd2 Bxd2+ 8. Nbxd2 d5 9. exd5 Nxd5 10. Qb3 Nce7 11. O-O O-O 12. Bxd5 Nxd5 13. Rfe1 c6 14. Rac1 Nb6 15. Qc2 Be6 16. Nb3 Bd5 17. Qd3 Qf6 18. Nbd2 Rfd8 19. b3 Rac8 20. Qe3 Bxf3 21. Nxf3 Nd5 22. Qe5 Qg6 23. Re4 Nf6 24. Ree1 h6 25. Nh4 Qg4 26. Nf5 Nd5 27. h3 Qg5 28. h4 Qg6 29. h5 Qg5 30. Ne7+ Qxe7 31. Qxe7 Nxe7 32. Rxe7 Rb8 33. Rd1 Rd5 34. Re5 Rbd8 35. Rxd5 Rxd5 36. g4 c5 37. Kf1 cxd4 38. Ke2 Kf8 39. Kd3 Rg5 40. f3 f5 41. Rg1 fxg4 42. fxg4 Rd5 43. Rc1 Rd7 44. Rc4 Kf7 45. Rxd4 Rxd4+ 46. Kxd4 Kf6 47. Ke4 Kg5 48. Kf3 1/2-1/2